 Dungeon Crawl Stone Soup version 0.28-a0-793-g31680bbd8b (webtiles) character file.

Game seed: 14288101513972420936

9665 Essalna the Destroyer (level 11, -3/64 HPs)
             Began as a Gargoyle Fire Elementalist on Nov 4, 2021.
             Was a Believer of Vehumet.
             Killed by divine providence
             ... invoked by an orc priest
              (11 damage)
             ... on level 1 of the Orcish Mines.
             The game lasted 00:27:51 (12664 turns).

Essalna the Destroyer (Gargoyle Fire Elementalist) Turns: 12664, Time: 00:27:52

Health: -3/64      AC: 17    Str: 11    XL:     11   Next: 50%
Magic:  14/23      EV: 13    Int: 20    God:    Vehumet [**....]
Gold:   207        SH:  5    Dex: 14    Spells: 19/26 levels left

rFire   + + +      SeeInvis .   B - +6 quick blade
rCold   + + +      Faith    .   (no shield)
rNeg    + . .      Spirit   .   r - +2 robe {rC+ rF+}
rPois   ∞          Reflect  +   u - +2 hat
rElec   +          Harm     .   w - scarf {rC+ rF+}
rCorr   .          Rampage  .   H - +0 pair of gloves "Qaxotum Naum" {rPois rF+ rC+ Dex+4}
Will    .....                   q - +1 pair of boots
Stlth   ++........              F - amulet of reflection
HPRegen 0.20/turn               (no ring)
MPRegen 0.18/turn               (no ring)

@: marked
A: sickness immunity, AC +8, negative energy resistance 1, electricity
resistance, torment resistance 1, petrification resistance
a: Renounce Religion


You were on level 1 of the Orcish Mines.
You worshipped Vehumet.
Vehumet was pleased with you.
You visited 3 branches of the dungeon, and saw 12 of its levels.
You also visited: Sewer.

You collected 1023 gold pieces.
You spent 816 gold pieces at shops.

Inventory:

Hand Weapons
 s - a +1 dagger of freezing
 B - a +6 quick blade (weapon)
Missiles
 o - a throwing net
Armour
 a - a +0 robe
 q - a +1 pair of boots (worn)
 r - a +2 robe of resistance (worn)
 t - a +0 pair of gloves
 u - a +2 hat (worn)
 w - a scarf of resistance (worn)
 x - a +1 leather armour of willpower
 H - the +0 pair of gloves "Qaxotum Naum" (worn) {rPois rF+ rC+ Dex+4}
   (You bought it in a shop on level 2 of the Orcish Mines)

   Dex:       It affects your dexterity (+4).
   rF:        It protects you from fire.
   rC:        It protects you from cold.
   rPois:     It protects you from poison.
 J - the +0 hat of Indecent Exposure {rF+ Will- Str+6 Dex+4}
   (You bought it in a shop on level 8 of the Dungeon)

   Str:       It affects your strength (+6).
   Dex:       It affects your dexterity (+4).
   rF:        It protects you from fire.
   Will:      It decreases your willpower.
Magical Staves
 C - a staff of poison
Jewellery
 F - an amulet of reflection (around neck)
Wands
 h - a wand of digging (14)
 y - a wand of acid (6)
Scrolls
 b - 3 scrolls of holy word {unknown}
 j - 3 scrolls of identify
 k - a scroll of brand weapon {unknown}
 n - 3 scrolls of noise {unknown}
 v - a scroll of fear {unknown}
 z - a scroll of amnesia {unknown}
 A - a scroll of blinking {unknown}
 G - a scroll of torment {unknown}
 I - a scroll of enchant weapon {unknown}
Potions
 c - 2 potions of degeneration {unknown}
 e - 3 potions of brilliance {unknown}
 f - 3 potions of haste {unknown}
 g - a potion of invisibility {unknown}
 i - 5 potions of magic
 l - a potion of mutation {unknown}
 m - 2 potions of cancellation
 p - a potion of lignification
 E - a potion of attraction {unknown}


   Skills:
 + Level 5.3 Fighting
 + Level 5.3 Armour
 + Level 4.4 Dodging
 - Level 2.1 Stealth
 + Level 8.4 Spellcasting
 + Level 9.8 Conjurations
 + Level 9.6 Fire Magic


You had 19 spell levels left.
You knew the following spells:

 Your Spells              Type           Power      Damage    Failure   Level
a - Foxfire               Conj/Fire      100%       2x1d9     1%          1
b - Scorch                Fire           92%        2d10      1%          2
c - Flame Wave            Conj/Fire      47%        3d9       1%          4

Your spell library contained the following spells:

 Spells                   Type           Power      Damage    Failure   Level
 Magic Dart               Conj           100%       1d8       1%          1
 Conjure Flame            Conj/Fire      47%        6-21      1%          3
 Inner Flame              Hex/Fire       27%        N/A       3%          3
 Summon Small Mammal      Summ           32%        N/A       9%          1
 Fulminant Prism          Conj/Hex       14%        3d9       11%         4
 Iskenderun's Mystic Bla  Conj/Tloc      28%        2d7       11%         4
 Call Canine Familiar     Summ           8%         N/A       24%         3
 Summon Guardian Golem    Hex/Summ       8%         N/A       24%         3
 Lee's Rapid Deconstruct  Erth           4%         3d6*      92%         5


Dungeon Overview and Level Annotations

Branches:
Dungeon (9/15)             Temple (1/1) D:7             Orc (2/2) D:9
    Elf (0/3) Orc:2         Sewer (visited)
   Lair: D:8-11

Altars:
Ashenzari
Cheibriados
Dithmenos
Elyvilon
Fedhas
Gozag
Hepliaklqana
Kikubaaqudgha
Makhleb
Nemelex Xobeh
Okawaru
Qazlal
Ru
Trog
Uskayaw
Vehumet
Wu Jian
Xom
Yredelemnul
Zin
The Shining One
Beogh

Shops:
D:4 **   D:8 (=[[   Orc:2 [

Annotations:
D:6 4 runed translucent doors
Orc:2 1 runed translucent door, Welzeim's ghost, journeyman MiFi


Innate Abilities, Weirdness & Mutations

You are immune to sickness and miasma.
Your stone body is resilient. (AC +8)
You are immune to poison.
You resist negative energy. (rN+)
You are resistant to electric shocks. (rElec)
You are resistant to unholy torment.
You are immune to petrification.


Message History

You hear a shout! x3
The orc knight closely misses you.
A troll comes into view.
The orc knight completely misses you.
The orc wizard points at you and mumbles some strange words.
The puff of flame hits you but does no damage.
You resist.
A troll comes into view.
Found 20 gold pieces.
An orc priest comes into view. It is wielding a +0 club.
Found 33 gold pieces.
An orc warrior comes into view. It is wielding a +0 mace.
An orc wizard comes into view. It is wielding a +0 dagger.
The troll bites you.
The troll claws you but does no damage. x2
The orc warrior throws a boomerang.
The boomerang misses you.
The orc knight roars a battlecry!
The orcs go into a battle-frenzy!
The orc warrior throws a boomerang.
The boomerang hits you but does no damage.
The orc wizard gestures wildly while chanting.
The orc wizard flickers and vanishes!
Deactivating autopickup; reactivate with Ctrl-A.
An orc wizard comes into view. It is wielding a +0 dagger.
The orc warrior throws a boomerang.
The boomerang hits you. The troll completely misses you.
The troll barely misses you. The troll claws you!
A puff of flame appears from out of thin air!
The puff of flame hits you. You resist.
The orc knight hits you with a +0 great sword!
The troll bites you. The troll claws you!
* * * LOW HITPOINT WARNING * * *
The troll barely misses you.
The orc priest looks encouraged for a moment.
Okay, then.
Found 27 gold pieces.
The ettin hits you but does no damage.
The ettin hits you with a +0 dire flail!
* * * LOW HITPOINT WARNING * * *
The orc priest mumbles some strange prayers to Beogh against you.
Beogh smites you!
You die...

##.## #...# #...##
....## .....# ## ##
#### ##....##.##
##.#..#.$###....##...#
#......@C.o.......#.##
##.#.....TToo........#
#.#....o.o.o........
#$........#........$.
#....................
##........$..o.......
##.....$............
..........#..#.....
............#$.#$.


You could see an orc knight, an ettin, 2 trolls, an orc warrior (strong), an orc
priest (strong), 2 orc wizards and 2 orcs.

Vanquished Creatures
  A hydra (D:6)
  A two-headed ogre (D:7)
  An orc knight (Orc:2)
  An orc sorcerer (Orc:2)
  A kobold demonologist (D:9)
  3 hornets
  Sigmund (D:3)
  5 yaks (D:9)
  A steam dragon (D:6)
  4 wargs (Orc:2)
  A water moccasin (D:5)
  9 orc warriors
  2 ice beasts
  2 black bears
  3 necrophages
  9 ogres
  A sky beast (D:6)
  A centaur (D:6)
  2 phantoms (D:6)
  5 kobold brigands
  2 gnoll sergeants
  6 bullfrogs
  2 scorpions
  A wyvern zombie (D:9)
  A water moccasin skeleton (D:5)
  2 howler monkeys
  2 centaur zombies
  2 bullfrog zombies
  2 jellies
  9 orc priests
  2 gnoll shamans
  5 hounds
  A centaur skeleton (D:6)
  An iguana (D:6)
  13 orc wizards
  A hound zombie (D:5)
  9 gnolls
  7 adders
  3 river rats (D:3)
  3 white imps
  An ufetubus (D:7)
  5 worms
  48 orcs
  10 endoplasms
  3 giant cockroaches
  7 goblins
  4 hobgoblins
  2 jackals (D:3)
  16 kobolds
  8 quokkas
  7 ball pythons
  3 bats
  6 frilled lizards
  8 rats
256 creatures vanquished.

Vanquished Creatures (collateral kills)
  A warg (Orc:1)
  An orc (Orc:1)
  22 foxfires
24 creatures vanquished.

Vanquished Creatures (others)
  1149 foxfires
  A plant (D:7)
  2 withered plants (Orc:2)
1152 creatures vanquished.

Grand Total: 1432 creatures vanquished

Notes
Turn   | Place    | Note
-------+----------+-------------------------------------------
     0 | D:1      | Essalna the Gargoyle Fire Elementalist began the quest for
                  | the Orb.
     0 | D:1      | Reached XP level 1. HP: 10/10 MP: 3/3
   274 | D:1      | Reached XP level 2. HP: 15/15 MP: 0/5
   541 | D:1      | Found a faded altar of an unknown god.
   922 | D:2      | Reached XP level 3. HP: 19/19 MP: 1/6
   925 | D:2      | Learned a level 2 spell: Scorch
  1797 | D:3      | Reached XP level 4. HP: 24/24 MP: 2/8
  1914 | D:3      | Noticed an ice beast
  2019 | D:3      | Found a glowing drain.
  2027 | Sewer    | Entered a sewer
  2081 | Sewer    | Noticed a kobold brigand
  2081 | Sewer    | Noticed a kobold brigand
  2090 | Sewer    | Killed a kobold brigand
  2091 | Sewer    | Reached XP level 5. HP: 28/28 MP: 4/10
  2098 | Sewer    | Killed a kobold brigand
  2099 | Sewer    | Reached XP level 6. HP: 32/32 MP: 0/11
  2695 | Sewer    | Reached skill level 5 in Fire Magic
  3194 | D:3      | Reached XP level 7. HP: 36/36 MP: 9/13
  3256 | D:3      | Noticed Sigmund
  3266 | D:3      | Killed Sigmund
  3267 | D:3      | Reached skill level 5 in Conjurations
  4101 | D:4      | Reached XP level 8. HP: 41/41 MP: 10/15
  4259 | D:4      | Reached skill level 5 in Spellcasting
  4479 | D:4      | Found Jafuetz's General Store.
  4712 | D:4      | Found Ixotoep's Assorted Antiques.
  5274 | D:5      | Entered Level 5 of the Dungeon
  6286 | D:6      | Learned a level 4 spell: Flame Wave
  6325 | D:6      | Reached XP level 9. HP: 45/45 MP: 9/18
  6643 | D:6      | HP: 1/45 [orc priest/nerve-wracking pain (6)]
  7022 | D:6      | Found a large runed translucent door.
  7023 | D:6      | Found a large runed translucent door.
  7024 | D:6      | Noticed a boulder beetle
  7032 | D:6      | Found a large runed translucent door.
  7032 | D:6      | Found a large runed translucent door.
  7184 | D:6      | Noticed a hornet
  7320 | D:6      | Killed a hornet
  7489 | D:6      | Noticed a hornet
  7494 | D:6      | Killed a hornet
  7495 | D:6      | Reached skill level 1 in Armour
  7584 | D:6      | Noticed a seven-headed hydra
  7717 | D:6      | Reached skill level 1 in Fighting
  7904 | D:6      | Killed a seven-headed hydra
  7905 | D:6      | Reached XP level 10. HP: 37/54 MP: 8/21
  8455 | D:7      | Noticed a two-headed ogre
  8463 | D:7      | Killed a two-headed ogre
  8625 | D:7      | Found a staircase to the Ecumenical Temple.
  8645 | Temple   | Entered the Ecumenical Temple
  8713 | Temple   | Became a worshipper of Vehumet
  8964 | D:8      | Found a snail-covered altar of Cheibriados.
  9258 | D:8      | Found Pymic's Antique Weapon Shoppe.
  9565 | D:8      | Found Yracu's Antique Armour Shoppe.
  9682 | D:8      | Found Vuwk's Jewellery Boutique.
  9814 | D:8      | Found Goomu's Antique Armour Shoppe.
  9823 | D:8      | Bought a shimmering hat for 207 gold pieces
  9823 | D:8      | Identified the +0 hat of Indecent Exposure {rF+ Will- Str+6
                  | Dex+4} (You bought it in a shop on level 8 of the Dungeon)
 10247 | D:9      | Reached XP level 11. HP: 32/62 MP: 0/23
 10263 | D:9      | Reached * piety under Vehumet
 10263 | D:9      | Offered knowledge of Freeze by Vehumet.
 10794 | D:9      | Found a staircase to the Orcish Mines.
 11045 | Orc:1    | Entered Level 1 of the Orcish Mines
 11370 | Orc:2    | Entered Level 2 of the Orcish Mines
 11370 | Orc:2    | Noticed an orc sorcerer
 11377 | Orc:2    | Killed an orc sorcerer
 11639 | Orc:2    | Found a runed translucent door.
 11640 | Orc:2    | Noticed Welzeim's ghost (journeyman MiFi)
 11889 | Orc:2    | Found a staircase to the Elven Halls.
 11917 | Orc:2    | Reached skill level 5 in Fighting
 11991 | Orc:2    | Reached skill level 5 in Armour
 12027 | Orc:2    | Found Coatimuf's Armour Shop.
 12035 | Orc:2    | Noticed an orc knight
 12048 | Orc:2    | Killed an orc knight
 12084 | Orc:1    | Noticed an orc knight
 12234 | Orc:2    | Bought the +0 pair of gloves "Qaxotum Naum" {rPois rF+ rC+
                  | Dex+4} for 609 gold pieces
 12264 | Orc:2    | Offered knowledge of Magic Dart by Vehumet.
 12273 | Orc:2    | Reached ** piety under Vehumet
 12273 | Orc:2    | Noticed an orc knight
 12299 | Orc:1    | Noticed an ettin
 12587 | Orc:2    | Noticed an orc knight
 12664 | Orc:1    | Killed from afar by an orc priest

Illustrated notes

Levels and vault maps discovered:
D:1:      minmay_arrival_loop, layout_rooms, chequers_ecumenical_altar_simple
D:2:      layout_rooms
D:3:      layout_basic, lightli_sewer_entry_pipes, uniq_sigmund
D:4:      layout_basic, serial_shops, kennysheep_mini, shop
D:5:      layout_cave_pools, minmay_misc_feat_encased
D:6:      layout_rooms, minmay_hollow_rounded_squares
D:7:      layout_basic, minmay_temple_entry_gardened_gates
D:8:      layout_cave_pools, general_overflow_altar, serial_shops,
          nicolae_shop_overgrown_old_shop, nicolae_lakefront_shop, shop,
          nicolae_shop_window_shopping
D:9:      layout_long_grid, minmay_orc_entry_temple_small
Temple:   compressed_dpeg_triangle_lava_temple
Orc:1:    layout_caves
Orc:2:    grunt_orc_tribal_feast, layout_diamond_mine, gammafunk_ghost_grave,
          serial_shops, nicolae_shop_statue_plus

Skill      XL: |  1  2  3  4  5  6  7  8  9 10 11 |
---------------+----------------------------------+-----
Conjurations   | 2 3 4 5 7 8 9 |  9.8
Spellcasting   | 3 4 6 7 8 |  8.4
Fire Magic     | 4 5 7 8 9 |  9.6
Armour         | 2 4 5 |  5.3
Fighting       | 2 4 5 |  5.3
Dodging        | 2 3 4 |  4.4
Stealth        | |  2.1

Action                   |  1- 3 |  4- 6 |  7- 9 | 10-12 || total
-------------------------+-------+-------+-------+-------++-------
Melee: Unarmed           |    11 |       |     2 |       ||    13
       Dagger            |       |       |    11 |       ||    11
       Quick blade       |       |       |     8 |     5 ||    13
 Cast: Foxfire           |    95 |    99 |   212 |   270 ||   676
       Scorch            |       |     3 |    40 |    18 ||    61
       Flame Wave        |       |       |     2 |    24 ||    26
Evoke: Wand              |       |       |     1 |       ||     1
  Use: Scroll            |     2 |       |     2 |     5 ||     9
       Potion            |       |       |       |    12 ||    12
Armor: Robe              |     6 |     3 |    14 |    50 ||    73
Dodge: Dodged            |    12 |     8 |    28 |    60 ||   108
Block: Other             |       |       |       |    16 ||    16
       Reflection        |       |       |       |     1 ||     1

Table legend: (Time is in decaauts)
 A = Elapsed time spent in this place.
 B = Non-inter-level travel time spent in this place.
 C = Inter-level travel time spent in this place.
 D = Time resting spent in this place.
 E = Time spent auto-exploring this place.
 F = Levels seen in this place.
 G = Mean time per level.
                   A        B        C        D        E       F      G
               +--------+--------+--------+--------+--------+-----+--------+
         Total |  12739 |  12299 |    440 |    426 |   9813 |  13 |  979.9 |
       Dungeon |  10184 |   9772 |    412 |    299 |   7922 |   9 | 1131.6 |
        Temple |     78 |     69 |      9 |      0 |     49 |   1 |   78.0 |
  Orcish Mines |   1622 |   1603 |     19 |    127 |   1115 |   2 |  811.0 |
         Sewer |    854 |    854 |      0 |      0 |    727 |   1 |  854.0 |
               +--------+--------+--------+--------+--------+-----+--------+

Top non-repeatable levels by time:
     D:6: 2153 daAuts
     D:3: 1496 daAuts
     D:4: 1324 daAuts
   Orc:2: 1128 daAuts
     D:9: 1048 daAuts
     D:7: 959 daAuts
     D:1: 909 daAuts
   Sewer: 854 daAuts
     D:2: 850 daAuts
     D:8: 756 daAuts
     D:5: 685 daAuts
   Orc:1: 493 daAuts
  Temple: 78 daAuts
